 Dungeon Crawl Stone Soup version 0.17-a0-1842-gacc33f2 (webtiles) character file.

51 nubinia the Magician (level 3, -3/25 HPs)
             Began as a Demonspawn Wizard on Sept 17, 2015.
             Slain by Sigmund
             ... wielding a +0 scythe
              (12 damage)
             ... on level 2 of the Dungeon.
             The game lasted 00:08:16 (1925 turns).

nubinia the Magician (Demonspawn Wizard)            Turns: 1925, Time: 00:08:17

Health: -3/25      AC: 12    Str:  7    XL:     3   Next: 58%
Magic:  4/8        EV: 12    Int: 20    God:
Gold:   77         SH:  0    Dex: 10    Spells: 4 memorised, 0 levels left

rFire  . . .     SeeInvis .     m - +1 mace (protect)
rCold  . . .     Clarity  .     a - +0 robe
rNeg   . . .     SustAt   .     (no shield)
rPois  .         Gourm    .     b - +0 hat
rElec  .         Spirit   .     (no cloak)
rCorr  .         Warding  .     f - +0 pair of gloves
rMut   .         Stasis   .     (no boots)
MR     .....                    (no amulet)
Stlth  ++........               (no ring)
                                (no ring)

@: very slightly contaminated, not resistant to hostile enchantments, unstealthy
A: rough black scales 1, rot immunity
a: no special abilities


You were on level 2 of the Dungeon.
You were not hungry.

You visited 1 branch of the dungeon, and saw 2 of its levels.

You collected 77 gold pieces.

Inventory:

Hand weapons
 e - a +0 whip
 i - a +0 spear
 m - a +1 mace of protection (weapon)
Armour
 a - a +0 robe (worn)
 b - a +0 hat (worn)
 f - a +0 pair of gloves (worn)
Scrolls
 l - a scroll of magic mapping {unknown}
 p - a scroll of teleportation {unknown}
 q - a scroll of amnesia {unknown}
Potions
 g - 2 potions of brilliance
 h - a potion of lignification
 n - a potion of might {unknown}
 r - a potion of poison {unknown}
 s - a potion of agility {unknown}
 t - a potion of heal wounds {unknown}
Books
 c - a book of Minor Magic

   Spells                             Type                      Level
   a - Magic Dart                     Conjuration                  1
   b - Blink                          Translocation                2
   c - Call Imp                       Summoning                    2
   d - Repel Missiles                 Charms/Air                   2
   e - Slow                           Hexes                        2
   f - Conjure Flame                  Conjuration/Fire             3
   g - Mephitic Cloud                 Conjuration/Poison/Air       3
Comestibles
 d - a bread ration
 j - a meat ration
 k - a slice of pizza


   Skills:
 + Level 0.4 Fighting
 + Level 0.6 Maces & Flails
 + Level 2.1 Dodging
 + Level 1.8 Stealth
 + Level 3.7 Spellcasting
 + Level 1.7 Conjurations
   Level 1.0 Summonings
   Level 0.8 Translocations


You couldn't memorise any spells.
You knew the following spells:

 Your Spells              Type           Power        Failure   Level  Hunger
a - Magic Dart            Conj           ##..         10%         1    None
b - Conjure Flame         Conj/Fire      #.......     30%         3    ###....
c - Mephitic Cloud        Conj/Pois/Air  #.......     38%         3    ###....
r - Repel Missiles        Chrm/Air       #.....       24%         2    ##.....


Dungeon Overview and Level Annotations

Branches:
Dungeon (2/15)

Altars:

Annotations:
D:2 Sigmund


Innate Abilities, Weirdness & Mutations

You are partially covered in rough black scales (AC +4, Dex -1).
You are immune to rotting.


Message History

Aiming: Mephitic Cloud
Press: ? - help, Shift-Dir - straight line, f/p - Sigmund
Aim: Sigmund, wielding a scythe and wearing a robe You miscast Mephitic Cloud.
You are very lightly contaminated with residual magic.
The air around you crackles with energy!
All of the chunks of flesh in your inventory have rotted away.
Sigmund gestures at you while chanting.
You are confused.
You bump into the rock wall.
You see here 27 bolts.
You bump into the rock wall.
Sigmund points at you and mumbles some strange words.
The magic dart hits you! Sigmund casts a spell at you.
The puff of flame hits you!
You're too confused to move!
You feel less confused.
Sigmund hits you from afar with a scythe!
You die...

....# ######.# #..# ..##
#.# #..# ...# #.# #..#
#..# #.# #.# #..# #..###.#
#.# #..# #...##.# #.# #..#
#...##.# #@# #..#
#.[..#.########.#####..###
#.#..#.#.......(@........#
#.#..#.#.######.######.###
#.#....................#
#.#....#.######.########
#............<.......#
#.........########.###
#..................#
###...#............#
##...#####....###.#


You could see Sigmund.

Vanquished Creatures
  3 adders (D:2)
  A worm (D:2)
  3 hobgoblins (D:1)
  A kobold (D:1)
  2 bats (D:1)
  2 giant cockroaches (D:1)
  A giant newt (D:2)
  5 goblins
  6 rats (D:1)
24 creatures vanquished.

Notes
Turn   | Place    | Note
--------------------------------------------------------------
     0 | D:1      | nubinia the Demonspawn Wizard began the quest for the Orb.
     0 | D:1      | Reached XP level 1. HP: 13/13 MP: 4/4
   371 | D:1      | Gained mutation: You are immune to rotting. [demonic ancestry]
   371 | D:1      | Reached XP level 2. HP: 19/19 MP: 3/6
   375 | D:1      | Learned a level 2 spell: Repel Missiles
  1537 | D:2      | Gained mutation: You are partially covered in rough black scales (AC +4, Dex -1). [demonic ancestry]
  1537 | D:2      | Reached XP level 3. HP: 24/24 MP: 1/8
  1542 | D:2      | Learned a level 3 spell: Conjure Flame
  1546 | D:2      | Learned a level 3 spell: Mephitic Cloud
  1650 | D:2      | Noticed Sigmund
  1925 | D:2      | Slain by Sigmund

Vault maps used:
D:1:      dpeg_arrival_solitude
D:2:      serial_park_tiny_2, uniq_sigmund

Action                   || total
-------------------------++-------
Melee: Unarmed           ||     7
       Mace              ||    32
       Whip              ||     7
 Cast: Magic Dart        ||    59
       Repel Missiles    ||     1
       Mephitic Cloud    ||     1
  Use: Scroll            ||     3
  Eat: Chunk             ||     3
